 Dungeon Crawl Stone Soup version 0.22-a0-460-g49b1da7 (webtiles) character file.

40 Flamexio the Skirmisher (level 3, -10/29 HPs)
             Began as a Human Berserker on June 9, 2018.
             Was a Believer of Trog.
             Mangled by a gnoll
             ... wielding a +0 halberd
              (13 damage)
             ... on level 2 of the Dungeon.
             The game lasted 00:06:04 (1300 turns).

Flamexio the Skirmisher (Human Berserker)           Turns: 1300, Time: 00:06:05

Health: -10/29     AC:  8    Str: 18    XL:     3   Next: 72%
Magic:  3/3        EV: 10    Int:  7    God:    Trog [**....]
Gold:   48         SH:  0    Dex: 12    Spells: 2/2 levels left

rFire    . . .     SeeInvis .   a - +0 mace
rCold    . . .     Gourm    +   (no shield)
rNeg     . . .     Faith    .   k - +2 scale mail {rPois}
rPois    +         Spirit   .   (no helmet)
rElec    .         Reflect  .   (no cloak)
rCorr    .         Harm     .   (no gloves)
MR       .....                  (no boots)
Stlth    ..........             h - amulet of the gourmand
HPRegen  0.09/turn              (no ring)
MPRegen  0.08/turn              (no ring)

@: no status effects
A: no striking features
a: Berserk, Trog's Hand, Renounce Religion


You were on level 2 of the Dungeon.
You worshipped Trog.
Trog was pleased with you.
You were not hungry.

You visited 1 branch of the dungeon, and saw 2 of its levels.

You collected 48 gold pieces.

Inventory:

Hand Weapons
 a - a +0 mace (weapon)
 l - a +0 hunting sling
Missiles
 i - 24 sling bullets
 m - 26 bolts
Armour
 b - a +0 animal skin
 k - a +2 scale mail of poison resistance (worn)
Jewellery
 h - an amulet of the gourmand (around neck)
Scrolls
 d - 4 scrolls of identify {unknown}
 e - a scroll of teleportation {unknown}
 j - a scroll of blinking {unknown}
 n - a scroll of fear {unknown}
Potions
 g - 2 potions of degeneration {unknown}
Comestibles
 c - 3 rations
 f - a chunk of flesh


   Skills:
 + Level 3.5 Fighting
 + Level 3.4 Maces & Flails
 + Level 2.2 Armour
 + Level 2.4 Dodging
 + Level 0.1 Stealth


You had 2 spell levels left.
You didn't know any spells.
Your spell library was empty.

Dungeon Overview and Level Annotations

Branches:
Dungeon (2/15)

Altars:


Message History

The kobold barely misses you. The gnoll misses you.
The gnoll barely misses you. The gnoll hits you but does no damage.
You closely miss the gnoll.
The gnoll is moderately wounded.
The kobold hits you but does no damage. The gnoll hits you.
* * * LOW HITPOINT WARNING * * *
The gnoll hits you but does no damage. The kobold closely misses you.
The gnoll closely misses you.
You closely miss the gnoll.
The gnoll is moderately wounded.
The gnoll hits you but does no damage. x2
The kobold hits you but does no damage. The gnoll barely misses you.
The gnoll hits you.
* * * LOW HITPOINT WARNING * * *
You sock the gnoll!
The gnoll is almost dead.
The gnoll barely misses you. The kobold barely misses you.
The gnoll closely misses you. The gnoll hits you but does no damage.
The gnoll hits you from afar with a halberd!
You die...

##.##.# ......######
#g#.#.#.....
....#.#.#.#.#.#.....
....#.#.#.#.#.....
...#.#.#)#g#J..
#.#.#.#.#g#K# #
#.......g.@.#
##.####......#####
#.....#..........#
#..##....<.......#
#.....#..........#
#.....#.............
#.#...#.####........
#.....#.# #........
###...#.# #........


You could see 3 gnolls, an ooze and a kobold.

Vanquished Creatures
  A dart slug (D:1)
  2 leopard geckos
  6 bats (D:1)
  2 giant cockroaches
  3 goblins (D:1)
  4 hobgoblins (D:1)
  3 jackals (D:1)
  4 kobolds (D:1)
  5 frilled lizards
  3 rats (D:1)
33 creatures vanquished.

Notes
Turn   | Place    | Note
-------+----------+-------------------------------------------
     0 | D:1      | Flamexio the Human Berserker began the quest for the Orb.
     0 | D:1      | Reached XP level 1. HP: 18/18 MP: 1/1
    45 | D:1      | Reached XP level 2. HP: 24/24 MP: 2/2
    57 | D:1      | HP: 1/24 [bat (1)]
   792 | D:1      | Reached XP level 3. HP: 29/29 MP: 3/3
  1296 | D:2      | Reached ** piety under Trog
  1300 | D:2      | Mangled by a gnoll

Vault maps used:
D:1:      scummos_arrival_star
D:2:      minmay_door_path, first_ration, minmay_misc_feat_rows

Action                   || total
-------------------------++-------
Melee: Mace              ||   111
  Use: Scroll            ||     1
  Eat: Chunk             ||     8
Armor: Animal skin       ||    21
       Scale mail        ||    30
Dodge: Dodged            ||   108

Table legend:
 A = Spawn XP
 B = Non-spawn XP
 C = Spawn XP percentage of total XP
 D = Spawn monster count
 E = Non-spawn monster count
 F = Spawn count percentage of total count
 G = Total turns spent on level
                    A         B        C        D         E        F      G
               +---------+---------+-------+---------+---------+-------+---------
         Total |       0 |      58 |   0.0 |       0 |      33 |   0.0 |  1300
               +---------+---------+-------+---------+---------+-------+---------
           D:1 |       0 |      51 |   0.0 |       0 |      29 |   0.0 |  1241
           D:2 |       0 |       7 |   0.0 |       0 |       4 |   0.0 |    59
               +---------+---------+-------+---------+---------+-------+---------
